 Dungeon Crawl Stone Soup version 0.21.0 (webtiles) character file.

249 Suckerboh the Ruffian (level 5, 0/52 HPs)
             Began as a Troll Monk on Jan 7, 2018.
             Slain by a hound (1 damage)
             ... on level 4 of the Dungeon.
             The game lasted 00:04:08 (2682 turns).

Suckerboh the Ruffian (Troll Monk)                  Turns: 2682, Time: 00:04:09

Health: 0/52       AC: -1    Str: 19    XL:     5   Next: 86%
Magic:  4/4        EV: 11    Int:  6    God:
Gold:   163        SH:  0    Dex: 13    Spells: 4/4 levels left

rFire    . . .     SeeInvis .     - Unarmed
rCold    . . .     Gourm    +   (no shield)
rNeg     . . .     Faith    .   a - +0 robe
rPois    .         Spirit   .   (helmet restricted)
rElec    .         Reflect  .   (no cloak)
rCorr    +         Harm     .   (gloves unavailable)
MR       .....                  (boots unavailable)
Stlth    ++........             (no amulet)
HPRegen  0.57/turn              k - -6 ring of protection (curse)
MPRegen  0.09/turn              l - ring of resist corrosion

@: no status effects
A: large, unfitting armour, claws 3, fast metabolism 3, gourmand, regeneration
1, shaggy fur 1, tough skin 2
a: no special abilities


You were on level 4 of the Dungeon.
You were full.

You visited 1 branch of the dungeon, and saw 4 of its levels.

You collected 163 gold pieces.

Inventory:

Armour
 a - a +0 robe (worn)
Jewellery
 k - a cursed -6 ring of protection (left claw)
 l - a ring of resist corrosion (right claw)
Scrolls
 c - a scroll of amnesia
 d - a scroll of remove curse {unknown}
 h - a scroll of teleportation
 i - a scroll of magic mapping {unknown}
 m - a scroll of enchant weapon {unknown}
 n - 2 scrolls of identify {unknown}
Potions
 e - 2 potions of curing {unknown}
 f - a potion of might {unknown}
 g - 3 potions of heal wounds {unknown}
 j - a potion of berserk rage {unknown}
Comestibles
 b - 8 rations


   Skills:
 + Level 2.9 Fighting
 + Level 3.1 Dodging
 - Level 1.0 Stealth
 * Level 5.8 Unarmed Combat


You had 4 spell levels left.
You didn't know any spells.

Dungeon Overview and Level Annotations

Branches:
Dungeon (4/15)
 Temple: D:4-7

Altars:
Ru

Annotations:
D:4 Suckerboh's ghost, amateur TrMo


Innate Abilities, Weirdness & Mutations

You are too large for most types of armour.
You have claws for hands.
Your metabolism is lightning-fast.
You like to eat raw meat.
Your natural rate of healing is unusually fast.
You are covered in fur. (AC +1)
You have very tough skin. (AC +2)


Message History

The hound closely misses you. The hound bites you.
* * * LOW HITPOINT WARNING * * *
The hound bites you.
* * * LOW HITPOINT WARNING * * *
You barely miss the hound. The hound bites you.
* * * LOW HITPOINT WARNING * * *
You barely miss the hound. The hound barely misses you. The hound bites you.
* * * LOW HITPOINT WARNING * * *
You scratch the hound. You claw the hound.
The hound is heavily wounded.
The hound barely misses you.
You claw the hound!
The hound is almost dead.
The hound bites you.
* * * LOW HITPOINT WARNING * * *
You barely miss the hound.
The hound is almost dead.
The hound barely misses you. The hound bites you.
You die...

#....##########.#..
#.#.## #.#.# #.#.#
###.#.#####
#....oo...#
#.#.#.###.#.
#.#.#h# #.#.##
#.#.#@# #.#..#
#.#.#.# #.##.#
#..#..###.##.# ..
#.###...#.##.# #.
#..#>##.#.##.#####
#. #
#†###..........# #.
#># #...##.###.# #.
#.# #...##.# #.# #.
#.#.###...##.###.#
#.


You could see a hound and 2 orcs.

Vanquished Creatures
  An orc priest (D:4)
  An orc wizard (D:4)
  2 worker ants (D:4)
  A hound skeleton (D:4)
  5 adders
  An ooze (D:1)
  2 worms
  2 dart slugs (D:1)
  3 leopard geckos
  6 orcs
  A ball python (D:4)
  10 bats
  4 giant cockroaches
  5 goblins
  7 hobgoblins
  A quokka (D:3)
  7 frilled lizards
  6 kobolds
  7 rats
72 creatures vanquished.

Vanquished Creatures (others)
  An orc wizard (D:4)
1 creature vanquished.

Grand Total: 73 creatures vanquished

Notes
Turn   | Place    | Note
-------+----------+-------------------------------------------
     0 | D:1      | Suckerboh the Troll Monk began the quest for the Orb.
     0 | D:1      | Reached XP level 1. HP: 22/22 MP: 0/0
     6 | D:1      | Noticed a hound
     6 | D:1      | Noticed a polar bear
     6 | D:1      | Noticed a black mamba
     6 | D:1      | Noticed a rime drake
     6 | D:1      | Noticed a lindwurm
   121 | D:1      | Reached XP level 2. HP: 29/29 MP: 1/1
   331 | D:1      | Reached XP level 3. HP: 36/36 MP: 2/2
   933 | D:2      | Reached skill level 4 in Unarmed Combat
  1502 | D:3      | Found a sacrificial altar of Ru.
  1509 | D:3      | Reached XP level 4. HP: 44/44 MP: 3/3
  1597 | D:3      | Found a faded altar of an unknown god.
  2099 | D:4      | Reached skill level 5 in Unarmed Combat
  2137 | D:4      | Noticed Suckerboh's ghost (amateur TrMo)
  2198 | D:4      | Reached XP level 5. HP: 43/52 MP: 4/4
  2681 | D:4      | HP: 1/52 [hound (3)]
  2682 | D:4      | Slain by a hound

Skill      XL: |  1  2  3  4 |
---------------+-------------+-----
Unarmed Combat | 4 5 |  5.8
Dodging        | 3 |  3.1
Fighting       | |  2.9
Stealth        | |  1.0

Action                   |  1- 3 |  4- 6 || total
-------------------------+-------+-------++-------
Melee: Unarmed           |   110 |    82 ||   192
       Punch             |       |     4 ||     4
  Use: Scroll            |       |     4 ||     4
 Stab: Sleeping          |       |     2 ||     2
  Eat: Chunk             |    15 |    11 ||    26
Armor: Robe              |    55 |     4 ||    59
Dodge: Dodged            |    82 |    38 ||   120
